 Dungeon Crawl Stone Soup version 0.30-a0-824-g6c64550be9 (webtiles) character file.

Game seed: 8973879833351340985

891 Nacht the Reanimator (level 7, 0/46 HPs)
             Began as a Demonspawn Necromancer on Feb 27, 2023.
             Killed from afar by Dowan (18 damage)
             ... with a shard of ice
             ... on level 4 of the Dungeon.
             The game lasted 00:05:38 (4174 turns).

Nacht the Reanimator (Demonspawn Necromancer)       Turns: 4174, Time: 00:05:38

Health: 0/46       AC:  2    Str:  9    XL:     7   Next: 77%
Magic:  0/16       EV: 12    Int: 20    God:
Gold:   179        SH:  0    Dex: 13    Spells: 10/18 levels left

rFire   . . .      SeeInvis .    s - +1 dagger (elec)
rCold   . . .      Faith    .    (no shield)
rNeg    . . .      Spirit   .    a - +0 robe
rPois   .          Reflect  .    (no helmet)
rElec   .          Harm     .    (no cloak)
rCorr   .          Rampage  .    (no gloves)
Will    .....                    (no boots)
Stlth   ++                       (no amulet)
HPRegen 0.27/turn                (no ring)
MPRegen 0.15/turn                (no ring)

@: no status effects
A: powered by death 2, big brain 1, demonic magic 1
a: no special abilities


You were on level 4 of the Dungeon.
You visited 2 branches of the dungeon, and saw 5 of its levels.

You collected 179 gold pieces.

Inventory:

Hand Weapons
 g - a +0 dagger
 h - a +0 dagger of speed
 s - a +1 dagger of electrocution (weapon)
Armour
 a - a +0 robe (worn)
Jewellery
 b - a ring of willpower
 c - an amulet of guardian spirit
Wands
 p - a wand of light (3)
Scrolls
 d - a scroll of magic mapping {unknown}
 e - a scroll of fog {unknown}
 f - 6 scrolls of blinking {unknown}
 k - 5 scrolls of teleportation {unknown}
 m - 6 scrolls of identify {unknown}
 o - a scroll of poison {unknown}
Potions
 i - 2 potions of invisibility {unknown}
 j - a potion of heal wounds {unknown}
 l - a potion of curing
 n - 3 potions of might {unknown}
 q - a potion of cancellation {unknown}
 r - a potion of flight {unknown}
 t - 3 potions of ambrosia {unknown}
 u - a potion of lignification {unknown}
 v - a potion of degeneration {unknown}


   Skills:
 - Level 1.7 Dodging
 - Level 1.7 Stealth
 + Level 6.0 Spellcasting
 + Level 8.2 Necromancy


You had 10 spell levels left.
You knew the following spells:

 Your Spells              Type           Power      Damage    Failure   Level
a - Necrotise             Necr           100%       1d9       1%          1
b - Vampiric Draining     Necr           39%        2d8       1%          3
c - Animate Dead          Necr           39%        N/A       3%          4

Your spell library contained the following spells:

 Spells                   Type           Power      Damage    Failure   Level
 Agony                    Necr           39%        N/A       10%         5
 Apportation              Tloc           12%        N/A       11%         1
 Magic Dart               Conj           24%        1d4       11%         1
 Call Imp                 Summ           6%         N/A       16%         2
 Mephitic Cloud           Conj/Pois/Air  6%         N/A       30%         3
 Alistair's Intoxication  Tmut/Pois      4%         N/A       96%         5


Dungeon Overview and Level Annotations

Branches:
Dungeon (4/15)             Temple (1/1) D:4

Altars:
Cheibriados
Dithmenos
Fedhas
Hepliaklqana
Qazlal
Ru
Sif Muna
Trog
Uskayaw
Vehumet
Wu Jian
Yredelemnul

Annotations:
D:4 Dowan


Innate Abilities, Weirdness & Mutations

You regenerate health from kills.
You have an unusually large brain. (Int +2)
Spells you cast may paralyse adjacent enemies.


Message History

Dowan seems to find hidden reserves of power!
You feel life coursing into your body. Malevolent energies surge around you.
Your Spellcasting skill increases to level 6!
Casting: Vampiric Draining (safe; 1% risk of failure)
Confirm with . or Enter, or press ? or * to list all spells.
Aiming: Necrotise (safe; 1% risk of failure)
Press: ? - help, Shift-Dir - straight line, f - Dowan
Aim: Dowan, wielding a +0 dagger and wearing a +2 robe of willpower (fast, chance to affect: 52%) Dowan writhes in agony.
Malevolent energies surge around you. Dowan misses you.
Dowan gestures at you while chanting. The stone arrow hits you!
Casting: Necrotise (safe; 1% risk of failure)
Confirm with . or Enter, or press ? or * to list all spells.
Aiming: Necrotise (safe; 1% risk of failure)
Press: ? - help, Shift-Dir - straight line, f/p - Dowan
Aim: Dowan, wielding a +0 dagger and wearing a +2 robe of willpower (fast, chance to affect: 52%) Dowan writhes in agony.
Malevolent energies surge around you. Dowan closely misses you.
Casting: Necrotise (safe; 1% risk of failure)
Confirm with . or Enter, or press ? or * to list all spells.
You don't have enough magic to cast this spell.
Dowan barely misses you. Dowan hits you with a +0 dagger.
* * * LOW HITPOINT WARNING * * *
You barely miss Dowan.
Dowan is moderately wounded.
Dowan barely misses you.
You feel better. Dowan barely misses you. Dowan hits you with a +0 dagger.
You miss Dowan.
Dowan is moderately wounded.
Dowan hits you with a +0 dagger.
Casting: Necrotise (safe; 1% risk of failure)
Confirm with . or Enter, or press ? or * to list all spells.
Aiming: Necrotise (safe; 1% risk of failure)
Press: ? - help, Shift-Dir - straight line, f/p - Dowan
Aim: Dowan, wielding a +0 dagger and wearing a +2 robe of willpower (moderately wounded, fast, chance to affect: 52%) Dowan resists with significant effort.
Malevolent energies surge around you. Dowan barely misses you.
Dowan points at you and mumbles some strange words.
The shard of ice hits you!!
You die...

..# #.#.#
#..........).....#
... .# #
#....#.#.#..###..#
## #......#.#.##
##.. ####.###.#.#
#.< #.....#.##
##.#
#######..###..#
##### ##
####.......K......
#.†.## s#
#.##.#####.#.....#
..#Z.# #b# #@##>#
#....#..# #.##.#
^.
#e##.#####..###..#
...#.## .#
#?...e.e.........#
#.###.###.#
####.####...###.>#
...##.##^## #.#
#.#.# #...
#.####....# #.#
#.#.# #... #.#
##.P.# #.# #.#.#
#... #.# ##P.P..^#
#.# #.#e# #... #.#
#^..^### #.# #....
#...


You could see Dowan (fast).

Vanquished Creatures
  Sigmund (D:3)
  Duvessa (D:4)
  2 ogres (D:3)
  A phantom (D:4)
  3 scorpions (D:4)
  2 hounds
  An orc wizard (D:3)
  Terence (D:3)
  3 adders
  2 worms (D:2)
  3 orcs
  4 endoplasms
  4 giant cockroaches
  9 goblins
  5 hobgoblins
  3 jackals (D:2)
  5 kobolds
  2 quokkas (D:4)
  8 ball pythons
  7 bats
  2 frilled lizards
  7 rats
76 creatures vanquished.

Vanquished Creatures (collateral kills)
  A ball python (D:1)
  2 frilled lizards (D:1)
  A rat (D:1)
4 creatures vanquished.

Vanquished Creatures (others)
  13 fungi (D:4)
  6 plants (D:4)
19 creatures vanquished.

Grand Total: 99 creatures vanquished

Notes
Turn   | Place    | Note
-------+----------+-------------------------------------------
     0 | D:1      | Nacht the Demonspawn Necromancer began the quest for the
                  | Orb.
     0 | D:1      | Reached XP level 1. HP: 13/13 MP: 3/3
   183 | D:1      | Gained mutation: You have an unusually large brain. (Int
                  | +2) [demonic ancestry]
   183 | D:1      | Reached XP level 2. HP: 14/19 MP: 0/5
   763 | D:2      | Reached skill level 5 in Necromancy
   765 | D:2      | Gained mutation: You regenerate a little health from kills.
                  | [demonic ancestry]
   765 | D:2      | Reached XP level 3. HP: 17/24 MP: 2/7
   881 | D:2      | Found a faded altar of an unknown god.
  1064 | D:2      | Learned a level 3 spell: Vampiric Draining
  1746 | D:2      | Found a snail-covered altar of Cheibriados.
  1831 | D:3      | Noticed an ogre
  2087 | D:3      | Gained mutation: Spells you cast may paralyse adjacent
                  | enemies. [demonic ancestry]
  2087 | D:3      | Reached XP level 4. HP: 25/30 MP: 3/8
  2241 | D:3      | Noticed an ogre
  2248 | D:3      | Killed an ogre
  2249 | D:3      | Reached skill level 6 in Necromancy
  2249 | D:3      | Reached XP level 5. HP: 35/35 MP: 2/10
  2383 | D:3      | Noticed Sigmund
  2395 | D:3      | Killed Sigmund
  2396 | D:3      | Reached XP level 6. HP: 17/41 MP: 5/12
  2494 | D:3      | Learned a level 4 spell: Animate Dead
  2516 | D:3      | Noticed Terence
  2526 | D:3      | Killed Terence
  2527 | D:3      | Reached skill level 7 in Necromancy
  3087 | D:4      | Reached skill level 5 in Spellcasting
  3139 | D:4      | Gained mutation: You regenerate health from kills. [demonic
                  | ancestry]
  3139 | D:4      | Reached XP level 7. HP: 46/46 MP: 8/14
  3295 | D:4      | Found a staircase to the Ecumenical Temple.
  3310 | Temple   | Entered the Ecumenical Temple
  3683 | D:4      | Noticed Dowan
  3685 | D:4      | Noticed Duvessa
  3917 | D:4      | Identified the +1 pair of boots of Lies {Str+7 Int-2}
  4043 | D:4      | Reached skill level 8 in Necromancy
  4167 | D:4      | Killed Duvessa
  4174 | D:4      | Killed from afar by Dowan

Illustrated notes

Levels and vault maps discovered:
D:1:      scummos_arrival_hexagon, layout_rooms
D:2:      layout_basic, basic_altar, chequers_ecumenical_altar_lobes
D:3:      layout_loops_ring, corexii_item_surrounded_by_moat, uniq_terence,
          uniq_sigmund
D:4:      old_forge, layout_loops_ring, minmay_temple_entry_gardened_gates,
          nicolae_ossuary_entry_monument, uniq_duvessa
Temple:   nicolae_temple_bog_church

Skill      XL: |  1  2  3  4  5  6  7 |
---------------+----------------------+-----
Necromancy     | 5 6 7 8 |  8.2
Spellcasting   | 3 4 5 6 |  6.0
Dodging        | |  1.7
Stealth        | |  1.7

Action                     |  1- 3 |  4- 6 |  7- 9 || total
---------------------------+-------+-------+-------++-------
  Melee: Unarmed           |     6 |       |       ||     6
         Dagger            |     7 |     9 |    10 ||    26
   Cast: Necrotise         |    87 |    40 |    28 ||   155
         Vampiric Draining |       |     1 |    11 ||    12
    Use: Potion            |     1 |     2 |     2 ||     5
 Armour: Robe              |    13 |     1 |     3 ||    17
  Dodge: Dodged            |    26 |     9 |    15 ||    50

Table legend: (Time is in decaauts)
 A = Elapsed time spent in this place.
 B = Non-inter-level travel time spent in this place.
 C = Inter-level travel time spent in this place.
 D = Time resting spent in this place.
 E = Time spent auto-exploring this place.
 F = Levels seen in this place.
 G = Mean time per level.
                   A        B        C        D        E       F      G
               +--------+--------+--------+--------+--------+-----+--------+
         Total |   4178 |   3964 |    214 |      0 |   3395 |   5 |  835.6 |
       Dungeon |   3998 |   3808 |    190 |      0 |   3254 |   4 |  999.5 |
        Temple |    179 |    155 |     24 |      0 |    141 |   1 |  179.0 |
               +--------+--------+--------+--------+--------+-----+--------+

Top non-repeatable levels by time:
     D:2: 1248 daAuts
     D:3: 1206 daAuts
     D:4: 831 daAuts
     D:1: 712 daAuts
  Temple: 179 daAuts
